 Dungeon Crawl Stone Soup version 0.27-a0-385-g3208abaabc (webtiles) character file.

Game seed: 6304880201904033312

1176 korsakow the Cleaver (level 8, 71/71 HPs)
             Began as a Minotaur Berserker on Feb 18, 2021.
             Was an Elder of Trog.
             Quit the game on level 5 of the Dungeon on Feb 19, 2021.
             The game lasted 00:49:44 (6135 turns).

korsakow the Cleaver (Minotaur Berserker)           Turns: 6135, Time: 00:49:45

Health: 71/71      AC: 13    Str: 25    XL:     8   Next: 18%
Magic:  7/7        EV:  9    Int:  4    God:    Trog [****..]
Gold:   260        SH:  0    Dex:  9    Spells: 7/7 levels left

rFire    . . .     SeeInvis .   b - +1 war axe
rCold    . . .     Faith    .   (no shield)
rNeg     . . .     Spirit   .   n - +1 chain mail
rPois    +         Reflect  .   (helmet restricted)
rElec    .         Harm     .   (no cloak)
rCorr    .         Rampage  .   e - +1 pair of gloves
Will     .....                  (no boots)
Stlth    ..........             (no amulet)
HPRegen  0.21/turn              i - ring of poison resistance
MPRegen  0.10/turn              (no ring)

@: no status effects
A: retaliatory headbutt, horns 2
a: Renounce Religion, Berserk, Trog's Hand, Brothers in Arms


You were on level 5 of the Dungeon.
You worshipped Trog.
Trog was greatly pleased with you.
You visited 1 branch of the dungeon, and saw 5 of its levels.

You collected 260 gold pieces.

Inventory:

Hand Weapons
 a - a +0 hand axe
 b - a +1 war axe (weapon)
Missiles
 c - 116 stones
Armour
 e - a +1 pair of gloves (worn)
 n - a +1 chain mail (worn)
Jewellery
 i - a ring of poison resistance (left hand)
 l - a ring of protection from fire {unknown}
 o - a ring of see invisible {unknown}
 q - a +6 ring of intelligence {unknown}
Wands
 t - a wand of paralysis (9)
 w - a wand of flame (16)
Scrolls
 h - 2 scrolls of enchant armour
 j - 3 scrolls of identify
Potions
 d - a potion of flight {unknown}
 g - a potion of resistance {unknown}
 k - a potion of ambrosia {unknown}
 m - a potion of cancellation {unknown}
 p - a potion of mutation {unknown}
 s - 2 potions of heal wounds {unknown}
 u - a potion of invisibility {unknown}
 v - a potion of brilliance {unknown}
 x - 2 potions of might {unknown}
 z - 2 potions of curing {unknown}
 A - a potion of degeneration {unknown}


   Skills:
 + Level 6.7 Fighting
 + Level 9.1 Axes
 + Level 5.0 Armour
 + Level 3.8 Dodging
 + Level 1.0 Stealth


You had 7 spell levels left.
You didn't know any spells.
Your spell library was empty.

Dungeon Overview and Level Annotations

Branches:
Dungeon (5/15)
 Temple: D:4-7

Altars:
Okawaru
The Shining One


Innate Abilities, Weirdness & Mutations

You reflexively headbutt those who attack you in melee.
You have a pair of horns on your head.


Message History

Done waiting.
i - a ring of poison resistance (left hand)
As you read the scroll labelled UMOMYR YNUKHLO, it crumbles to dust.
You feel strangely unstable.
It was a scroll of teleportation.
Unknown command.
Your surroundings suddenly seem different.
As you read the scroll labelled TEIGIF UKLICY, it crumbles to dust.
It is a scroll of enchant weapon.
Your +0 war axe glows red for a moment.
As you read the scroll labelled CELIBES QAUSMAET, it crumbles to dust.
You hear a loud clanging noise!
It was a scroll of noise.
Unknown command.
As you read the scroll labelled MYSOFU ZACA, it crumbles to dust.
The air around you briefly surges with heat, but it dissipates.
It was a scroll of immolation.
Unknown command.
Okay, then.
Things that are here:
a +0 club; a +0 leather armour Unknown command.
You see here a mace.
You see here a glowing falchion.
Things that are here:
a +0 shortbow; 23 arrows
There is a stone staircase leading down here.
You see here a +0 giant club.
There is a shaft here.
Saving game... please wait.
Welcome back, korsakow the Minotaur Berserker.
Trog says: Kill them all!
Press ? for a list of commands and other information.
Things that are here:
23 arrows; a +0 shortbow
Things that are here:
23 arrows; a +0 shortbow
Okay, then.
Unknown command.
Unknown command.
Are you sure you want to abandon this character and quit the game? (Confirm with "yes".)

#.##.#.#.# #.##.#.
#.#≈≈≈≈≈≈## #.#..#.
#.'......_# #...###
#.#≈≈≈≈≈≈## ##..##.#
#>#.#.#.## ##..##...
#.####### ###..#'..#.
#.####..####...##..#.#
#.......##...###..#._.
#....@..##.#...##..#.#
#.......##.###..##..#.
#..........# ##..##...
#.#.###..### ##..##.#
#.#.# ##.## #.(.###
#.#.####..# #.#..#.
#.#....#..## #.##.#.
#.####.#...# #.##...
#.#.<#.#.#.# ##.###.#


There were no monsters in sight!

Vanquished Creatures
  Edmund (D:4)
  A sky beast (D:5)
  2 centaurs (D:5)
  3 ogres
  A jelly (D:5)
  A bullfrog zombie (D:5)
  A bullfrog skeleton (D:4)
  An orc priest (D:3)
  2 hounds (D:5)
  2 orc wizards (D:3)
  Natasha (D:2)
  A worker ant (D:2)
  A hound skeleton (D:5)
  Robin (D:2)
  A worker ant zombie (D:5)
  2 gnolls (D:5)
  5 adders
  A howler monkey skeleton (D:4)
  An ooze (D:1)
  An adder zombie (D:5)
  2 worms
  7 dart slugs
  3 leopard geckos
  12 orcs
  2 ball pythons
  2 giant cockroaches
  14 goblins
  10 hobgoblins
  20 jackals
  3 kobolds
  A quokka (D:2)
  8 bats
  3 frilled lizards
  A jackal zombie (D:5)
  A leopard gecko skeleton (D:4)
  9 rats
128 creatures vanquished.

Notes
Turn   | Place    | Note
-------+----------+-------------------------------------------
     0 | D:1      | korsakow the Minotaur Berserker began the quest for the
                  | Orb.
     0 | D:1      | Reached XP level 1. HP: 19/19 MP: 0/0
   338 | D:1      | Reached XP level 2. HP: 27/27 MP: 1/1
   414 | D:1      | Reached skill level 4 in Axes
   635 | D:1      | Reached XP level 3. HP: 33/33 MP: 2/2
  1514 | D:2      | Reached ** piety under Trog
  1514 | D:2      | Noticed Robin
  1522 | D:2      | Killed Robin
  1523 | D:2      | Reached XP level 4. HP: 41/41 MP: 3/3
  1610 | D:2      | Reached skill level 5 in Axes
  2622 | D:2      | Noticed Natasha
  2635 | D:2      | Killed Natasha
  2636 | D:2      | Reached XP level 5. HP: 31/47 MP: 4/4
  2945 | D:3      | Reached skill level 6 in Axes
  3174 | D:3      | Noticed an ogre
  3190 | D:3      | Killed an ogre
  3190 | D:3      | Reached *** piety under Trog
  3191 | D:3      | Reached skill level 5 in Fighting
  3191 | D:3      | Reached XP level 6. HP: 50/56 MP: 5/5
  3885 | D:4      | Reached skill level 7 in Axes
  4170 | D:4      | Noticed Edmund
  4181 | D:4      | Killed Edmund
  4182 | D:4      | Reached XP level 7. HP: 57/61 MP: 6/6
  4270 | D:4      | Reached skill level 1 in Stealth
  4706 | D:5      | Entered Level 5 of the Dungeon
  4865 | D:5      | Reached skill level 8 in Axes
  4938 | D:5      | Found an iron altar of Okawaru.
  5021 | D:5      | Found a glowing golden altar of the Shining One.
  5195 | D:5      | Reached XP level 8. HP: 71/71 MP: 7/7
  5240 | D:5      | Reached **** piety under Trog
  5457 | D:5      | Reached skill level 9 in Axes
  5457 | D:5      | Reached skill level 5 in Armour
  6135 | D:5      | Quit the game

Illustrated notes

Levels and vault maps discovered:
D:1:      ncdulo_smallfort, layout_basic, kennysheep_boxes
D:2:      layout_loops_ring, uniq_natasha, uniq_robin
D:3:      layout_rooms
D:4:      layout_basic, uniq_edmund
D:5:      layout_basic, okawaru_altar_gauntlet_db, tso_metal_star

Skill      XL: |  1  2  3  4  5  6  7  8 |
---------------+-------------------------+-----
Fighting       | 4 5 6 |  6.7
Axes           | 4 5 6 7 8 9 |  9.1
Dodging        | 3 |  3.8
Armour         | 3 4 5 |  5.0
Stealth        | 1 |  1.0

Action                   |  1- 3 |  4- 6 |  7- 9 || total
-------------------------+-------+-------+-------++-------
Melee: Hand axe          |    74 |   121 |       ||   195
       Headbutt          |     9 |    24 |    10 ||    43
       War axe           |       |    37 |    67 ||   104
Invok: Berserk           |       |     4 |     4 ||     8
  Use: Scroll            |       |       |     6 ||     6
Armor: Animal skin       |    18 |    21 |       ||    39
       Ring mail         |       |     1 |       ||     1
       Chain mail        |       |    23 |    35 ||    58
       Scale mail        |       |    10 |       ||    10
Dodge: Dodged            |    47 |    76 |    35 ||   158

Table legend: (Time is in decaauts)
 A = Elapsed time spent in this place.
 B = Non-inter-level travel time spent in this place.
 C = Inter-level travel time spent in this place.
 D = Time resting spent in this place.
 E = Time spent auto-exploring this place.
 F = Levels seen in this place.
 G = Mean time per level.
                   A        B        C        D        E       F      G
               +--------+--------+--------+--------+--------+-----+--------+
         Total |   6245 |   6245 |      0 |   1238 |    915 |   5 | 1249.0 |
       Dungeon |   6245 |   6245 |      0 |   1238 |    915 |   5 | 1249.0 |
               +--------+--------+--------+--------+--------+-----+--------+

Top non-repeatable levels by time:
     D:2: 1545 daAuts
     D:5: 1479 daAuts
     D:1: 1324 daAuts
     D:3: 1022 daAuts
     D:4: 872 daAuts
